AoeStats
← KK

MegaRandom

506879108Analyzed
4v4 RM · 18d ago on Sep 15, 2026· 56m 6s· 8 players
Game mode
Random Map
Map size
Large (8 player)
Population
200
Speed
Normal
Resources
Standard
Victory
Conquest
Starting age
Dark Age
Ending age
Imperial Age
RankedLock teamsTeams togetherTeam positionsShared explorationLock speedFull tech treeHidden civsTurbo modeCheats
Victory
Defeat
🇪🇸 Mongols · Spain
1606
+14
🇬🇧 Celts · United Kingdom
1551
+16
🇬🇧 Tupi · United Kingdom
1530
+17
🇦🇷 Japanese · Argentina
1484
+19
🇨🇳 Britons · China
1590
-18
🇨🇱 Aztecs · Chile
1547
-16
🇨🇳 Mapuche · China
1546
-16
🇨🇳 Bulgarians · China
1544
-16
KK
11:00 Feudal Age
12:26 Loom
15:32 Castle Age
13:57 Double-Bit Axe
13:54 Horse Collar
15:50 Fletching
16:33 Bow Saw
18:53 Bodkin Arrow
19:57 Wheelbarrow
19:56 Padded Archer Armor
26:55 Leather Archer Armor
26:39 Town Watch
35:36 Imperial Age
33:34 Ballistics
34:06 Malon
34:14 Gold Mining
34:16 Stone Mining
34:27 Heavy Plow
36:00 Gold Shaft Mining
36:51 Ring Archer Armor
37:28 Chemistry
36:22 Elite Bolas Rider
38:22 Butalmapu
38:38 Conscription
38:57 Hand Cart
40:12 Forging
40:03 Scale Mail Armor
40:36 Masonry
45:39 Crop Rotation
ZZZzzzzz....
8:31 Loom
11:35 Feudal Age
17:18 Castle Age
15:35 Double-Bit Axe
15:43 Gold Mining
15:44 Horse Collar
19:03 Bow Saw
22:56 Fervor
23:08 Sanctity
24:24 Wheelbarrow
25:30 Scale Mail Armor
24:52 Eagle Warrior
28:53 Chain Mail Armor
28:49 Forging
28:43 Squires
32:15 Imperial Age
30:44 Stone Mining
31:43 Iron Casting
33:19 Gold Shaft Mining
33:30 Plate Mail Armor
32:21 Elite Eagle Warrior
34:29 Blast Furnace
35:50 Conscription
39:44 Garland Wars
40:45 Ballistics
41:28 Chemistry
42:41 Fletching
42:52 Padded Archer Armor
42:50 Elite Skirmisher
43:27 Bodkin Arrow
43:48 Leather Archer Armor
43:55 Ballistics
44:30 Bracer
44:34 Atlatl
49:50 Arson
50:54 Pikeman
52:02 Man-at-Arms
52:27 Gambesons
Paladin
11:15 Feudal Age
12:44 Double-Bit Axe
13:28 Gold Mining
16:22 Castle Age
14:22 Fishing Lines
16:28 Fishing Lines
17:28 Bow Saw
18:32 Medium Warships
20:04 Horse Collar
21:08 Loom
25:14 Gillnets
27:57 Wheelbarrow
29:07 Hand Cart
34:06 Imperial Age
31:32 Town Watch
32:10 Fletching
32:42 Ballistics
32:29 Gold Mining
32:31 Stone Mining
33:52 Caravan
34:07 Clinker Construction
34:08 Careening
34:04 Siphons
33:56 Bodkin Arrow
34:49 Bracer
35:43 Forging
36:41 Gold Shaft Mining
37:10 Two-Man Saw
37:24 Shipwright
37:23 Padded Archer Armor
39:03 Chemistry
38:52 Heavy Warships
38:58 Dry Dock
39:02 Carvel Hull
39:07 Leather Archer Armor
40:19 Ring Archer Armor
39:45 Guard Tower
40:59 Arrowslits
42:08 Dry Dock
41:53 Siphons
42:08 Dry Dock
41:53 Siphons
42:52 Keep
42:46 Conscription
43:35 Iron Casting
42:50 Treadmill Crane
43:20 Masonry
44:20 Yeomen
45:22 Guilds
44:44 Elite Longbowman
45:30 Warwolf
45:45 Masonry
46:29 Scale Mail Armor
47:29 Blast Furnace
45:54 Elite Longbowman
47:10 Hoardings
47:09 Architecture
46:44 Siege Engineers
47:44 Chain Mail Armor
47:04 Sappers
47:20 Man-at-Arms
47:58 Long Swordsman
49:24 Plate Mail Armor
48:30 Two-Handed Swordsman
49:11 Champion
50:24 Gambesons
50:39 Squires
54:03 Capped Ram
超级硬邦邦
9:54 Loom
11:59 Feudal Age
16:43 Castle Age
15:30 Double-Bit Axe
17:12 Forging
18:58 Bow Saw
20:55 Wheelbarrow
20:06 Town Watch
21:02 Fervor
21:16 Horse Collar
27:37 Heavy Plow
28:07 Gold Mining
28:07 Stone Mining
30:15 Gold Shaft Mining
29:30 Stone Mining
33:55 Imperial Age
31:45 Fletching
32:26 Scale Barding Armor
32:35 Stone Mining
33:49 Wheelbarrow
33:52 Iron Casting
34:41 Stone Shaft Mining
36:29 Blast Furnace
35:50 Chain Barding Armor
36:46 Hand Cart
37:52 Conscription
37:29 Stirrups
39:00 Plate Barding Armor
38:59 Elite Konnik
40:00 Husbandry
40:12 Bloodlines
40:45 Light Cavalry
42:37 Bagains
47:25 Caravan
47:53 Hussar
48:30 Bodkin Arrow
48:36 Padded Archer Armor
49:22 Elite Skirmisher
50:28 Bracer
50:44 Leather Archer Armor
53:51 Crop Rotation
56:33 Chemistry
Gene_Parmesan__
8:54 Loom
11:49 Feudal Age
12:33 Double-Bit Axe
15:29 Castle Age
13:43 Horse Collar
16:26 Bow Saw
24:20 Fervor
24:51 Heavy Plow
27:13 Stone Mining
29:02 Wheelbarrow
30:48 Hand Cart
34:25 Imperial Age
32:25 Town Watch
33:13 Scale Mail Armor
33:24 Forging
33:35 Ballistics
32:57 Treadmill Crane
33:27 Masonry
34:28 Chain Mail Armor
35:19 Iron Casting
34:43 Gold Mining
35:30 Stone Shaft Mining
35:33 Conscription
35:45 Arrowslits
36:08 Stronghold
35:41 Elite Woad Raider
36:19 Stronghold
36:22 Fletching
37:11 Plate Mail Armor
37:09 Fletching
38:44 Blast Furnace
37:37 Guard Tower
40:14 Keep
39:48 Capped Ram
41:47 Chemistry
40:33 Arrowslits
43:07 Bodkin Arrow
43:54 Siege Ram
45:56 Furor Celtica
51:21 Hoardings
53:23 Fortified Wall
53:10 Murder Holes
55:48 Arson
Lauti
8:30 Loom
10:55 Feudal Age
12:55 Double-Bit Axe
13:39 Fishing Lines
17:04 Castle Age
18:01 Scale Barding Armor
18:18 Bloodlines
22:01 Bow Saw
24:32 Medium Warships
25:35 Husbandry
25:56 Chain Barding Armor
26:10 Horse Collar
26:29 Gold Mining
27:53 Wheelbarrow
27:04 Town Watch
32:43 Imperial Age
30:35 Hand Cart
30:05 Town Watch
30:49 Stone Mining
31:51 Forging
31:57 Heavy Plow
34:07 Iron Casting
34:00 Fletching
34:43 Bodkin Arrow
34:48 Padded Archer Armor
35:50 Chemistry
35:10 Ballistics
36:01 Conscription
35:28 Crossbowman
36:13 Thumb Ring
37:03 Parthian Tactics
35:58 Heavy Cavalry Archer
38:01 Bracer
38:17 Leather Archer Armor
42:01 Ring Archer Armor
44:59 Siege Engineers
45:19 Kataparuto
47:26 Guard Tower
47:22 Arrowslits
47:19 Treadmill Crane
47:52 Masonry
49:27 Hoardings
48:48 Murder Holes
50:29 Two-Man Saw
51:16 Keep
56:08 Coinage
Vlad von Carstein
5:51 Loom
10:23 Feudal Age
11:18 Double-Bit Axe
13:38 Horse Collar
14:18 Fletching
17:16 Wheelbarrow
20:00 Castle Age
19:32 Gold Mining
19:33 Stone Mining
19:28 Fishing Lines
20:08 Padded Archer Armor
20:27 Bloodlines
20:25 Crossbowman
21:07 Bodkin Arrow
25:50 Bow Saw
26:33 Heavy Plow
29:32 Hand Cart
29:52 Ballistics
30:21 Town Watch
31:14 Leather Archer Armor
31:02 Husbandry
34:28 Imperial Age
32:34 Thumb Ring
33:14 Stone Shaft Mining
33:15 Gold Shaft Mining
32:51 Nomads
36:24 Chemistry
35:26 Bracer
35:53 Parthian Tactics
35:57 Conscription
35:13 Elite Mangudai
36:53 Gold Shaft Mining
36:57 Capped Ram
38:56 Light Cavalry
39:42 Scale Barding Armor
39:48 Forging
40:44 Chain Barding Armor
39:47 Hussar
41:00 Murder Holes
41:36 Drill
49:14 Iron Casting
49:42 Onager
52:40 Blast Furnace
54:06 Caravan
Humble Villager
10:58 Feudal Age
14:46 Castle Age
12:43 Double-Bit Axe
13:31 Horse Collar
15:51 Bow Saw
19:07 Loom
22:39 Medium Warships
25:03 Heavy Plow
25:54 Wheelbarrow
25:31 Town Watch
31:09 Imperial Age
28:57 Fletching
29:07 Padded Archer Armor
29:34 Ballistics
30:36 Bodkin Arrow
30:56 Leather Archer Armor
32:14 Conscription
33:06 Chemistry
32:12 Bracer
32:42 Ring Archer Armor
32:44 Squires
32:30 Arson
33:36 Forging
33:26 Scale Mail Armor
33:29 Champi Runner
35:20 Iron Casting
34:53 Caciques
34:58 Murder Holes
34:32 Champi Warrior
40:17 Elite Blackwood Archer
40:48 Capped Ram
42:21 Guard Tower
42:17 Treadmill Crane
43:39 Crossbowman
44:14 Arbalester
44:44 Elite Champi Warrior
47:26 Chain Mail Armor
49:02 Plate Mail Armor
51:36 Pikeman
54:16 Caravan
Connection lost

Rejoining the realm…

Still unreachable

The connection could not be restored.

Session expired

The server has moved on; the page needs a fresh start.